 Dungeon Crawl Stone Soup version 0.17.0-9-g801d43b (console) character file.

42 gw the Magician (level 3, -2/27 HPs)
             Began as a Demigod Wizard on Nov 10, 2015.
             Killed by divine providence
             ... invoked by an orc priest
              (12 damage)
             ... on level 3 of the Dungeon.
             The game lasted 00:01:01 (1521 turns).

gw the Magician (Demigod Wizard)                    Turns: 1521, Time: 00:01:01

Health: -2/27      AC:  3    Str: 10    XL:     3   Next: 19%
Magic:  1/10       EV: 11    Int: 24    God:
Gold:   62         SH:  0    Dex: 14    Spells: 1 memorised, 6 levels left

rFire  . . .     SeeInvis .     b - +0 dagger
rCold  . . .     Clarity  .     j - +0 leather armour
rNeg   . . .     SustAt   +     (no shield)
rPois  .         Gourm    .     e - +0 hat
rElec  .         Spirit   .     (no cloak)
rCorr  .         Warding  .     (no gloves)
rMut   .         Stasis   .     (no boots)
MR     .....                    (no amulet)
Stlth  ++........               (no ring)
                                (no ring)

@: lethally poisoned (-2 -> -6), very slightly contaminated, not resistant to
hostile enchantments, unstealthy
A: high mp 1, sustain attributes
a: no special abilities


You were on level 3 of the Dungeon.
You were not hungry.

You visited 1 branch of the dungeon, and saw 3 of its levels.

You collected 62 gold pieces.

Inventory:

Hand Weapons
 b - a +0 dagger (weapon)
Missiles
 f - 52 stones
 g - 4 javelins (quivered)
 h - 29 poisoned needles
 i - 5 tomahawks
Armour
 e - a +0 hat (worn)
 j - a +0 leather armour (worn)
Books
 c - a book of Minor Magic

   Spells                             Type                      Level
   a - Magic Dart                     Conjuration                  1
   b - Blink                          Translocation                2
   c - Call Imp                       Summoning                    2
   d - Repel Missiles                 Charms/Air                   2
   e - Slow                           Hexes                        2
   f - Conjure Flame                  Conjuration/Fire             3
   g - Mephitic Cloud                 Conjuration/Poison/Air       3
Comestibles
 d - a bread ration


   Skills:
 + Level 0.3 Fighting
 + Level 0.5 Short Blades
 + Level 1.0 Armour
 - Level 1.7 Dodging
 - Level 1.7 Stealth
 + Level 2.9 Spellcasting
 * Level 2.1 Conjurations
   Level 0.8 Summonings
   Level 0.8 Translocations


You had 6 spell levels left.
You knew the following spells:

 Your Spells              Type           Power        Failure   Level  Hunger
a - Magic Dart            Conj           ##..         10%         1    None


Dungeon Overview and Level Annotations

Branches:
Dungeon (3/15)


Innate Abilities, Weirdness & Mutations

You have an increased reservoir of magic (+10% MP).
Your attributes are resistant to harm.


Message History

The orc priest is lightly wounded.
You feel sick.
The orc priest hits you but does no damage.
Unknown command.
Unknown command.
Unknown command.
Unknown command.
Unknown command.
Unknown command.
Unknown command.
Casting: Magic Dart
Confirm with . or Enter, or press ? or * to list all spells.
Aiming: Magic Dart
Press: ? - help, Shift-Dir - straight line, f/p - orc priest
Aim: an orc priest, wielding a dagger (lightly wounded)
The magic dart hits the orc priest.
The orc priest is moderately wounded.
The orc priest invokes the aid of Beogh against you.
Something smites you!
You die...

... #.# ###...
..#......
.o.......
.....(.. #
......
##.########..#
...(...po....#
#####.#####$.#
##....####..#
........[...#
###....#####.#
###. .# # ..
###


You could see an orc priest.

Table legend:
 A = Turns spent in this place as a percentage of turns spent in the entire game.
 B = Non-inter-level travel turns spent in this place as a percentage of non-inter-level travel turns spent in the entire game.
 C = Inter-level travel turns spent in this place as a percentage of turns spent in this place.
 D = Turns resting spent in this place as a percentage of non-inter-level travel turns spent in this place.
 E = Turns spent auto-exploring this place as a percentage of non-inter-level travel turns spent in this place.
 F = Non-inter-level travel turns spent in this place divided by the number of levels of this place that you've seen.
                   A       B       C       D       E      F
               +-------+-------+-------+-------+-------+----------------------
         Total | 100.0 | 100.0 |   0.4 |   3.7 |   2.2 | 536.0
       Dungeon | 100.0 | 100.0 |   0.4 |   3.7 |   2.2 | 536.0
               +-------+-------+-------+-------+-------+----------------------

Table legend:
 A = Kills in this place as a percentage of kills in entire the game.
 B = Kills by you in this place as a percentage of kills by you in the entire game.
 C = Kills by friends in this place as a percentage of kills by friends in the entire game.
 D = Other kills in this place as a percentage of other kills in the entire game.
 E = Experience gained in this place as a percentage of experience gained in the entire game.
 F = Experience gained in this place divided by the number of levels of this place that you have seen.
                   A       B       C       D       E      F
               +-------+-------+-------+-------+-------+----------------------
         Total | 100.0 | 100.0 |  -nan |  -nan | 100.0 |  20.3
       Dungeon | 100.0 | 100.0 |  -nan |  -nan | 100.0 |  20.3
               +-------+-------+-------+-------+-------+----------------------

Vanquished Creatures
  An adder (D:3)
  A giant gecko (D:3)
  3 orcs (D:3)
  3 giant cockroaches (D:1)
  4 hobgoblins
  2 jackals (D:1)
  2 quokkas (D:2)
  A ball python (D:1)
  A bat (D:1)
  3 goblins (D:1)
  4 kobolds (D:1)
  3 rats (D:1)
28 creatures vanquished.

Notes
Turn   | Place    | Note
--------------------------------------------------------------
     0 | D:1      | gw the Demigod Wizard began the quest for the Orb.
     0 | D:1      | Reached XP level 1. HP: 14/14 MP: 6/6
    97 | D:1      | Reached skill level 1 in Conjurations
   617 | D:1      | Reached XP level 2. HP: 17/20 MP: 0/8
  1242 | D:2      | Reached skill level 1 in Armour
  1405 | D:2      | You fall through a shaft!
  1513 | D:3      | Reached XP level 3. HP: 17/27 MP: 5/10
  1521 | D:3      | Killed from afar by an orc priest

Action                   || total
-------------------------++-------
Melee: Dagger            ||     9
Throw: Javelin           ||     5
 Cast: Magic Dart        ||    68
  Eat: Chunk             ||     2

Vault maps used:
D:1:      minmay_arrival_nine_rooms, minmay_bisected
D:2:      minmay_overflow_temple_star_hex, lemuel_round_altar,
          serial_bayou_crossing
